 Dungeon Crawl Stone Soup version 0.26-a0-660-gc07710193c (webtiles) character file.

Game seed: 12929072096122063440

32 GarryLv the Sneak (level 3, 0/25 HPs)
             Began as an Octopode Brigand on Oct 7, 2020.
             Succumbed to an adder's poison
             ... on level 2 of the Dungeon.
             The game lasted 00:04:51 (913 turns).

GarryLv the Sneak (Octopode Brigand)                 Turns: 913, Time: 00:04:51

Health: 0/25       AC:  1    Str: 10    XL:     3   Next: 25%
Magic:  3/3        EV: 13    Int: 13    God:
Gold:   61         SH:  0    Dex: 14    Spells: 2/2 levels left

rFire    . . .     SeeInvis .   (no weapon)
rCold    . . .     Faith    .   (no shield)
rNeg     . . .     Spirit   .   (helmet restricted)
rPois    .         Reflect  .   (no amulet)
rElec    .         Harm     .   (no ring)
rCorr    .         Rampage  .   (no ring)
MR       .....                  (no ring)
Stlth    ++++......             (no ring)
HPRegen  0.08/turn              (no ring)
MPRegen  0.08/turn              (no ring)
                                (no ring)
                                (no ring)

@: lethally poisoned (0 -> -10)
A: almost no armour, stealthy swim, amphibious, 8 rings, constrict 8, camouflage
1, gelatinous body 1
a: no special abilities


You were on level 2 of the Dungeon.
You visited 1 branch of the dungeon, and saw 2 of its levels.

You collected 61 gold pieces.

Inventory:

Hand Weapons
 a - a +2 dagger
Missiles
 b - 8 poisoned darts (quivered)
 c - 2 curare-tipped darts
Armour
 d - a +0 helmet
Scrolls
 e - a scroll of identify
 f - a scroll of fog


   Skills:
 + Level 2.4 Fighting
 + Level 2.0 Short Blades
 + Level 2.2 Throwing
 + Level 1.0 Dodging
 + Level 6.1 Stealth
 + Level 0.6 Unarmed Combat


You had 2 spell levels left.
You didn't know any spells.
Your spell library was empty.

Dungeon Overview and Level Annotations

Branches:
Dungeon (2/15)

Altars:


Innate Abilities, Weirdness & Mutations

You cannot wear most types of armour.
You are very stealthy in the water. (Stealth+)
You are amphibious.
You can wear up to eight rings at the same time.
You can use your tentacles to constrict eight enemies at once.
Your skin changes colour to match your surroundings (Stealth+).
Your rubbery body absorbs attacks. (AC +1, EV +1)


Message History

You feel sick. The adder closely misses you.
You barely miss the adder. Your grab misses the adder.
The adder is almost dead.
The adder bites you but does no damage. The adder bites you.
* * * LOW HITPOINT WARNING * * *
You are more poisoned.
The adder poisons you!
You tentacle-slap the adder.
You kill the adder!
You have reached level 3!
Your experience leads to an increase in your attributes!
Increase (S)trength, (I)ntelligence, or (D)exterity?
You feel agile.
* * * LOW HITPOINT WARNING * * *
You feel sick.
There is a lethal amount of poison in your body!
There is a lethal amount of poison in your body!
There is a lethal amount of poison in your body!
There is a lethal amount of poison in your body!
You die...

#.# #.# # #.. .##
##+## #.# #.#
##...## #.# #.#
##.....## #.###.#
##.....†.##
......####.........#
.........+......@..+
.##...#†##.........#
.##..##.###...$...##
.#...##.# ##.....##
.#.#.##.# ##...##
.#.#.##.# ##'#######
.....##.# #........
........# #..######
##.###### ##..# ####


There were no monsters in sight!

Vanquished Creatures
  An adder (D:2)
  A worm (D:2)
  A dart slug (D:1)
  2 bats
  2 giant cockroaches (D:1)
  2 goblins
  3 hobgoblins
  A kobold (D:1)
  4 rats
17 creatures vanquished.

Notes
Turn   | Place    | Note
-------+----------+-------------------------------------------
     0 | D:1      | GarryLv the Octopode Brigand began the quest for the Orb.
     0 | D:1      | Reached XP level 1. HP: 14/14 MP: 1/1
   230 | D:1      | Reached XP level 2. HP: 19/19 MP: 2/2
   839 | D:2      | Reached skill level 6 in Stealth
   912 | D:2      | Reached XP level 3. HP: 2/25 MP: 3/3
   912 | D:2      | HP: 1/25 [poisoned by an adder]
   913 | D:2      | Succumbed to an adder's poison

Illustrated notes

Levels and vault maps discovered:
D:1:      lightli_iron_boxes, layout_loops_corners
D:2:      layout_loops_corners

Skill      XL: |  1  2 |
---------------+-------+-----
Stealth        | 6 |  6.1
Fighting       | |  2.4
Short Blades   | |  2.0
Throwing       | |  2.2
Dodging        | |  1.0
Unarmed Combat | |  0.6

Action                   || total
-------------------------++-------
Melee: Unarmed           ||    41
       Constrict         ||    14
       Dagger            ||     4
       Tentacles         ||    10
Throw: Dart              ||     2
  Use: Scroll            ||     2
       Potion            ||     1
 Stab: Sleeping          ||     7
Armor: Skin              ||     4
Dodge: Dodged            ||    26

Table legend: (Time is in decaauts)
 A = Elapsed time spent in this place.
 B = Non-inter-level travel time spent in this place.
 C = Inter-level travel time spent in this place.
 D = Time resting spent in this place.
 E = Time spent auto-exploring this place.
 F = Levels seen in this place.
 G = Mean time per level.
                   A        B        C        D        E       F      G
               +--------+--------+--------+--------+--------+-----+--------+
         Total |    911 |    739 |    172 |     53 |      0 |   2 |  455.5 |
       Dungeon |    911 |    739 |    172 |     53 |      0 |   2 |  455.5 |
               +--------+--------+--------+--------+--------+-----+--------+

Top non-repeatable levels by time:
     D:1: 734 daAuts
     D:2: 176 daAuts
